Match 42882709
Unlisted

Match 42882709
End
Selects Air and Sea Battlegroup
Construct Section Command Post
Vickers Machine Gun Team
Infantry Section
Grenade Package
Construct Field Infirmary
Vickers Machine Gun Team
Selects Supply Surplus
ML 3-inch Mortar Team
Construct Platoon Command Post
Selects Commando Section Paradrop
Selects Commando Support Section Paradrop
Humber Armored Car
Unlock M3 Stuart Light Tanks
Infantry Section
M3 Stuart Light Tank
Commando Section Paradrop
Royal Engineer Section
M3 Stuart Light Tank
M3 Stuart Light Tank
Selects Incendiary Bombing Run
Commando Section Paradrop
Construct Field Infirmary
Genjitsu/Xhaton Phantom
Fajolada
0
0

Comments sign in to comment!

No comments posted yet!